[ AOE2 MATCH · #505303068 ]
UnrankedMongols vs Huns
Player's team · WIN
Rival team · LOSS
[ REPLAY ANALYSIS · EXTRACTED FROM THE RECORDED GAME ]
Feudal
8:14
Castle
—
Imperial
—
| APM avg | 49.1 |
| APM peak | 99 |
| eAPM avg | 18.5 |
| Villagers / military | 28 / 4 |
Focus
⚔️ 22.9% · 🌾 77.1%
Scout Cavalry ×3 · Spearman ×1
Feudal
10:04
Castle
—
Imperial
—
| APM avg | 80.6 |
| APM peak | 154 |
| eAPM avg | 26.8 |
| Villagers / military | 28 / 13 |
Focus
⚔️ 29.2% · 🌾 70.8%
Archer ×8 · Militia ×3 · Spearman ×2
Match map
Initial resources + every placement click. Lines = walls · curves = elevation contours. ◆ gold · ⬟ stone · ● berries · ✦ relic · ◌ wall gap
Your base· Open — unwalled flank
Pedro's base· Open — unwalled flank
Smoothed initial terrain · ◌ = detected wall gap · hover for details
Inputs per minute
— Angelvk2003 - - Pedro
Build order — Angelvk2003
63 actions detected in the replay
| 0:00 | Queue | Villager (Male) |
| 0:00 | Queue | Villager (Male) |
| 0:02 | Build | House |
| 0:02 | Build | House |
| 0:06 | Queue | Villager (Male) |
| 0:10 | Queue | Villager (Male) |
| 1:27 | Queue | Villager (Male) |
| 2:00 | Queue | Villager (Male) |
| 2:00 | Queue | Villager (Male) |
| 2:20 | Queue | Villager (Male) |
| 2:25 | Build | Lumber Camp |
| 2:47 | Queue | Villager (Male) |
| 2:48 | Queue | Villager (Male) |
| 3:13 | Queue | Villager (Male) |
| 4:00 | Queue | Villager (Male) |
| 4:07 | Queue | Villager (Male) |
| 4:11 | Build | House |
| 4:49 | Queue | Villager (Male) |
| 5:05 | Build | Mill |
| 5:35 | Queue | Villager (Male) |
| 5:39 | Research | Loom |
| 5:57 | Research | Feudal Age |
| 6:35 | Queue | Villager (Male) |
| 7:21 | Build | Barracks |
| 8:14 | Age | Feudal Age |
| 8:17 | Build | Stable |
| 8:23 | Research | Double-Bit Axe |
| 8:24 | Queue | Villager (Male) |
| 8:59 | Queue | Scout Cavalry |
| 8:59 | Queue | Scout Cavalry |
| 9:34 | Queue | Spearman |
| 9:35 | Queue | Villager (Male) |
| 9:41 | Build | House |
| 9:44 | Research | Town Watch |
| 9:53 | Queue | Villager (Male) |
| 10:09 | Build | Mill |
| 10:20 | Queue | Villager (Male) |
| 10:32 | Build | Farm |
| 10:33 | Build | Farm |
| 10:50 | Queue | Villager (Male) |
| 11:16 | Build | Farm |
| 11:17 | Build | Farm |
| 11:19 | Build | Farm |
| 11:22 | Queue | Villager (Male) |
| 11:40 | Build | Farm |
| 11:54 | Queue | Villager (Male) |
| 12:15 | Build | Palisade Wall |
| 12:17 | Build | Palisade Wall |
| 12:18 | Build | Palisade Wall |
| 12:18 | Build | Palisade Wall |
| 12:21 | Queue | Villager (Male) |
| 12:23 | Build | House |
| 12:27 | Queue | Villager (Male) |
| 12:39 | Queue | Scout Cavalry |
| 12:53 | Build | House |
| 12:54 | Build | House |
| 12:55 | Build | Palisade Wall |
| 12:56 | Build | Palisade Wall |
| 12:57 | Build | Palisade Wall |
| 13:12 | Queue | Villager (Male) |
| 13:17 | Build | Archery Range |
| 13:33 | Queue | Villager (Male) |
| 13:48 | Queue | Villager (Male) |
Build order — Pedro
66 actions detected in the replay
| 0:00 | Queue | Villager (Male) |
| 0:00 | Queue | Villager (Male) |
| 0:00 | Queue | Villager (Male) |
| 0:01 | Queue | Villager (Male) |
| 1:20 | Queue | Villager (Male) |
| 1:54 | Build | Lumber Camp |
| 1:55 | Queue | Villager (Male) |
| 2:09 | Queue | Villager (Male) |
| 2:43 | Queue | Villager (Male) |
| 2:52 | Queue | Villager (Male) |
| 3:19 | Queue | Villager (Male) |
| 3:39 | Queue | Villager (Male) |
| 4:19 | Queue | Villager (Male) |
| 4:36 | Queue | Villager (Male) |
| 4:48 | Queue | Villager (Male) |
| 5:04 | Build | Barracks |
| 5:28 | Queue | Villager (Male) |
| 5:55 | Build | Mill |
| 6:03 | Queue | Militia |
| 6:03 | Queue | Militia |
| 6:06 | Queue | Villager (Male) |
| 6:21 | Queue | Villager (Male) |
| 6:34 | Queue | Militia |
| 7:00 | Research | Loom |
| 7:54 | Research | Feudal Age |
| 8:11 | Build | Lumber Camp |
| 8:26 | Build | Mining Camp |
| 8:27 | Queue | Villager (Male) |
| 9:32 | Queue | Villager (Male) |
| 10:04 | Age | Feudal Age |
| 10:06 | Queue | Villager (Male) |
| 10:09 | Build | Archery Range |
| 10:11 | Queue | Spearman |
| 10:27 | Queue | Villager (Male) |
| 10:30 | Queue | Villager (Male) |
| 10:38 | Queue | Villager (Male) |
| 10:41 | Build | Archery Range |
| 10:54 | Queue | Villager (Male) |
| 10:59 | Build | Farm |
| 11:05 | Research | Double-Bit Axe |
| 11:06 | Queue | Villager (Male) |
| 11:29 | Build | Watch Tower |
| 11:33 | Queue | Archer |
| 11:34 | Queue | Archer |
| 11:34 | Queue | Archer |
| 11:41 | Build | Palisade Wall |
| 11:44 | Build | Palisade Wall |
| 11:45 | Build | Palisade Wall |
| 12:05 | Build | Farm |
| 12:08 | Queue | Villager (Male) |
| 12:21 | Build | Farm |
| 12:23 | Build | Farm |
| 12:27 | Queue | Archer |
| 12:29 | Queue | Villager (Male) |
| 12:35 | Queue | Archer |
| 13:01 | Build | Farm |
| 13:04 | Queue | Archer |
| 13:05 | Queue | Archer |
| 13:15 | Queue | Spearman |
| 13:22 | Build | Farm |
| 13:30 | Build | Palisade Gate |
| 13:33 | Build | Palisade Wall |
| 13:39 | Build | Palisade Wall |
| 13:40 | Build | Palisade Wall |
| 13:42 | Queue | Villager (Male) |
| 13:43 | Queue | Archer |
Match timeline
| 5:04 | Pedro · first_building Barracks |
| 7:21 | Angelvk2003 · first_building Barracks |
| 8:14 | Angelvk2003 · age_up feudal |
| 8:17 | Angelvk2003 · first_building Stable |
| 10:04 | Pedro · age_up feudal |
| 10:09 | Pedro · first_building Archery Range |
| 11:41 | Pedro · wall_segment Palisade Wall x2 |
| 11:44 | Pedro · wall_segment Palisade Wall x1 |
| 11:45 | Pedro · wall_segment Palisade Wall x1 |
| 12:15 | Angelvk2003 · wall_segment Palisade Wall x1 |
| 12:17 | Angelvk2003 · wall_segment Palisade Wall x1 |
| 12:18 | Angelvk2003 · wall_segment Palisade Wall x1 |
| 12:18 | Angelvk2003 · wall_segment Palisade Wall x1 |
| 12:55 | Angelvk2003 · wall_segment Palisade Wall x1 |
| 12:56 | Angelvk2003 · wall_segment Palisade Wall x1 |
| 12:57 | Angelvk2003 · wall_segment Palisade Wall x10 |
| 13:17 | Angelvk2003 · first_building Archery Range |
| 13:33 | Pedro · wall_segment Palisade Wall x1 |
| 13:39 | Pedro · wall_segment Palisade Wall x1 |
| 13:40 | Pedro · wall_segment Palisade Wall x1 |
| 13:48 | Pedro · resign |
[ AI ANALYSIS · 1 CREDIT ]
What really happened in this match?
Wolo.gg analyzes every decision: build order, eco, micro, common mistakes by bracket. Personalized analysis on WhatsApp or Discord in 30 seconds.
Civ guide
Mongols
Perfil
Jugador #13405864